AoeStats
← maRtin993♪

Arabia

510530733Analyzed
3v3 RM · 1d ago on Oct 1, 2026· 64m 9s· 6 players
Game mode
Random Map
Map size
Normal (6 player)
Population
200
Speed
Normal
Resources
Standard
Victory
Conquest
Starting age
Dark Age
Ending age
Imperial Age
RankedLock teamsTeams togetherTeam positionsShared explorationLock speedFull tech treeHidden civsTurbo modeCheats
Victory
Defeat
🇻🇳 Vikings · Vietnam
879
+15
🇻🇳 Franks · Vietnam
861
+15
🇻🇳 Bulgarians · Vietnam
857
+16
🇨🇳 Hindustanis · China
868
-16
🇳🇱 Spanish · Netherlands
847
-15
🇦🇷 Britons · Argentina
831
-15
Lito
10:14 Loom
12:06 Feudal Age
13:58 Double-Bit Axe
13:58 Horse Collar
20:55 Castle Age
20:46 Gold Mining
22:15 Bow Saw
26:18 Stone Mining
26:37 Heavy Plow
27:46 Wheelbarrow
27:43 Fletching
29:08 Pikeman
33:17 Imperial Age
31:29 Fervor
32:51 Sanctity
32:59 Squires
32:46 Arson
33:01 Bodkin Arrow
33:06 Scale Mail Armor
33:18 Forging
34:26 Block Printing
34:48 Theocracy
34:42 Illumination
35:46 Chemistry
36:34 Supremacy
39:46 Chain Mail Armor
40:27 Halberdier
46:15 Hand Cart
46:35 Murder Holes
47:58 Redemption
POL4
8:58 Feudal Age
19:35 Castle Age
20:30 Town Watch
21:04 Double-Bit Axe
21:05 Horse Collar
21:56 Fletching
24:35 Padded Archer Armor
25:33 Ballistics
25:41 Bodkin Arrow
28:01 Bow Saw
30:15 Leather Archer Armor
33:09 Gold Mining
35:28 Wheelbarrow
39:09 Imperial Age
36:44 Man-at-Arms
37:37 Gambesons
37:56 Scale Mail Armor
38:20 Hand Cart
38:30 Long Swordsman
39:22 Elite Longbowman
39:30 Pikeman
40:49 Yeomen
40:33 Bracer
40:57 Fortified Wall
44:18 Chemistry
45:54 Ring Archer Armor
45:41 Chain Mail Armor
46:41 Conscription
47:38 Forging
47:30 Caravan
50:45 Plate Mail Armor
51:26 Iron Casting
51:29 Town Patrol
51:38 Heavy Plow
51:13 Two-Handed Swordsman
51:54 Squires
51:59 Arrowslits
52:10 Murder Holes
53:09 Champion
56:36 Halberdier
maRtin993♪
5:06 Loom
11:18 Feudal Age
12:51 Double-Bit Axe
18:39 Castle Age
24:03 Husbandry
24:16 Bloodlines
26:14 Bow Saw
26:18 Forging
28:42 Stone Mining
28:43 Gold Mining
29:11 Town Watch
30:58 Stone Shaft Mining
31:47 Wheelbarrow
31:40 Grand Trunk Road
32:03 Horse Collar
32:56 Hand Cart
36:49 Imperial Age
34:22 Caravan
35:24 Gold Shaft Mining
35:25 Fervor
35:22 Town Patrol
37:53 Iron Casting
37:23 Scale Barding Armor
36:58 Heavy Camel Rider
37:48 Heavy Plow
38:18 Elite Ghulam
39:06 Imperial Camel Rider
40:47 Ballistics
40:23 Murder Holes
44:04 Chemistry
44:04 Blast Furnace
43:05 Scale Mail Armor
43:25 Chain Barding Armor
43:55 Shatagni
48:46 Chain Mail Armor
49:31 Hoardings
55:09 Plate Barding Armor
60:45 Light Cavalry
61:34 Hussar
trtrnghia123
13:28 Feudal Age
18:46 Castle Age
17:01 Double-Bit Axe
17:04 Horse Collar
19:02 Bloodlines
18:59 Scale Barding Armor
19:04 Forging
18:59 Scale Barding Armor
18:49 Gold Mining
18:50 Stone Mining
20:22 Stone Mining
21:07 Bow Saw
26:04 Heavy Plow
28:04 Husbandry
29:19 Chain Barding Armor
29:35 Iron Casting
29:50 Wheelbarrow
33:11 Hand Cart
36:19 Imperial Age
36:10 Caravan
38:34 Conscription
38:15 Stirrups
39:18 Elite Konnik
47:26 Plate Barding Armor
47:51 Blast Furnace
56:04 Light Cavalry
57:53 Hussar
tuyentuyem55555
0:51 Loom
12:41 Feudal Age
13:19 Double-Bit Axe
13:15 Horse Collar
17:55 Stone Mining
18:27 Gold Mining
20:39 Castle Age
19:46 Fletching
19:57 Padded Archer Armor
21:32 Forging
22:57 Elite Skirmisher
23:36 Bodkin Arrow
24:31 Gold Shaft Mining
24:16 Bow Saw
24:56 Heavy Plow
32:31 Imperial Age
29:50 Town Watch
30:20 Squires
30:25 Arson
32:44 Iron Casting
32:10 Scale Mail Armor
33:53 Conscription
34:52 Two-Man Saw
34:44 Elite Varangian Guard
36:28 Blast Furnace
35:44 Chain Mail Armor
36:44 Chieftains
38:25 Chemistry
37:48 Ballistics
38:55 Plate Mail Armor
38:46 Bracer
39:52 Leather Archer Armor
41:29 Pikeman
42:55 Ring Archer Armor
43:59 Hoardings
43:26 Bogsveigar
44:42 Caravan
52:16 Town Patrol
52:43 Treadmill Crane
PCTtamnek
0:38 Loom
11:52 Feudal Age
18:41 Castle Age
17:02 Double-Bit Axe
18:23 Scale Barding Armor
20:59 Husbandry
24:09 Chain Barding Armor
24:00 Forging
24:31 Bow Saw
31:11 Imperial Age
29:33 Wheelbarrow
28:43 Town Watch
30:34 Iron Casting
32:30 Gold Mining
32:19 Cavalier
34:31 Conscription
36:48 Chivalry
37:30 Paladin
40:24 Town Patrol
41:38 Elite Throwing Axeman
45:18 Chemistry
44:38 Ballistics
46:31 Scale Mail Armor
50:03 Hand Cart
59:05 Gold Shaft Mining
Connection lost

Rejoining the realm…

Still unreachable

The connection could not be restored.

Session expired

The server has moved on; the page needs a fresh start.